 Dungeon Crawl Stone Soup version 0.31.0-11-ge490571c62 (webtiles) character file.

Game seed: 11513338203414494238

67 qw the Shooter (level 3, -9/20 HPs)
             Began as a Deep Elf Hunter on Feb 4, 2024.
             Mangled by a kobold
             ... wielding a +2 whip of electrocution
              (18 damage)
             ... on level 3 of the Dungeon.
             The game lasted 00:00:06 (1852 turns).

qw the Shooter (Deep Elf Hunter)                    Turns: 1852, Time: 00:00:06

Health: -9/20      AC:  5    Str: 10    XL:     3   Next: 98%
Magic:  5/5        EV: 12    Int: 13    God:
Gold:   232        SH:  0    Dex: 18    Spells: 2/2 levels left

rFire   + + +        a - +1 shortbow
rCold   . . .        (shield currently unavailable)
rNeg    . . .        c - +0 leather armour
rPois   .            (no helmet)
rElec   .            (no cloak)
rCorr   .            j - +0 pair of gloves
SInv    .            g - +0 pair of boots of Precision Catastrophes {rF+++}
Will    .....        (no amulet)
Stlth   ++           (no ring)
HPRegen 0.23/turn    (no ring)
MPRegen 0.09/turn

%: no passive effects
@: no status effects
A: no striking features
a: no special abilities


You were on level 3 of the Dungeon.
You visited 1 branch of the dungeon, and saw 3 of its levels.

You collected 232 gold pieces.


   Skills:
 - Level 1.5 Fighting
 + Level 7.4 Ranged Weapons
 - Level 2.4 Dodging
 - Level 1.2 Stealth


You had 2 spell levels left.
You didn't know any spells.
Your spell library was empty.

Inventory:

Hand Weapons
 a - a +1 shortbow (weapon)
Armour
 b - a +0 ring mail
 c - a +0 leather armour (worn)
 g - the +0 pair of boots of Precision Catastrophes (worn) {rF+++}
   (You found it on level 2 of the Dungeon)

   rF+++:     It renders you almost immune to fire.
 j - a +0 pair of gloves (worn)
Wands
 k - a wand of charming (13)
Scrolls
 h - a scroll of brand weapon {unknown}
 i - a scroll of identify
Potions
 d - a potion of mutation
 e - a potion of heal wounds
 f - a potion of attraction {unknown}

Dungeon Overview and Level Annotations

Branches:
Dungeon (3/15)

Altars:


Message History

You kill the hobgoblin!
You now have 232 gold pieces (gained 26).
You see here the +4 war axe "Fenoomaf" {heavy, +Blink rF- rCorr SInv}.
Found a stone staircase leading down.
Found a stone staircase leading down.
There is a stone staircase leading down here.
An orc comes into view. It is wielding a +0 flail.
You shoot an arrow. The arrow hits the orc.
The orc is severely wounded.
You shoot an arrow. The arrow completely misses the orc.
You shoot an arrow.
The arrow hits the orc but does no damage.
The orc is severely wounded.
You shoot an arrow. The arrow barely misses the orc.
You shoot an arrow. The arrow barely misses the orc.
You shoot an arrow. The arrow hits the orc.
You kill the orc!
Things that are here:
a +0 flail; a +0 ring mail; an orc corpse
Found a Fen Folio.
A kobold comes into view.
It is wielding a +2 whip of electrocution.
You shoot an arrow. The arrow barely misses the kobold.
You shoot an arrow. The arrow hits the kobold.
The kobold is severely wounded.
The kobold hits you with a +2 whip of electrocution.
You are electrocuted!
Ouch! That really hurt!
The kobold hits you but does no damage.
1849 ||| DRINKING 2 potions of heal wounds.
You feel much better.
The kobold hits you with a +2 whip of electrocution.
You shoot an arrow. The arrow barely misses the kobold.
The kobold hits you but does no damage.
You shoot an arrow. The arrow closely misses the kobold.
The kobold hits you with a +2 whip of electrocution.
You shoot an arrow. The arrow closely misses the kobold.
The kobold hits you with a +2 whip of electrocution.
You are electrocuted!!
Ouch! That really hurt!
You die...

###########...#.##.........####..
.................'.........'.....
###.#####.......##.........####..
# #.# #.##.######.......## #...
###.# #.#### ##.....## #.#. ..#.#
#.# ##...## #.#. #.#.# #.#
#######'## #.#. #.#.# #.#
#:K......# #.## ....# #.# #@#
#..# #... #.###
#.######.#####..######### #.#
...............#...##### #.#
#######.###...........). ..#
#.###....#...##### ###
#........##.## #####.#####.#
#.......# #########


You could see a kobold.

Vanquished Creatures
  2 dart slugs (D:2)
  2 ribbon worms (D:2)
  2 orcs (D:3)
  9 bats
  2 endoplasms (D:2)
  3 giant cockroaches
  3 goblins (D:2)
  5 hobgoblins
  2 jackals (D:1)
  2 quokkas
  4 ball pythons
  4 frilled lizards
  5 kobolds
  8 rats
53 creatures vanquished.

Notes
Turn   | Place    | Note
-------+----------+-------------------------------------------
     0 | D:1      | qw the Deep Elf Hunter began the quest for the Orb.
     0 | D:1      | Reached XP level 1. HP: 12/12 MP: 3/3
     0 | D:1      | 0 ||| qw: Version: 0.3-a-160-g6735b56
     0 | D:1      | 0 ||| qw: Game counter: 5411
     0 | D:1      | 0 ||| qw: Melee chars always use a shield: true
     0 | D:1      | 0 ||| qw: God list: Okawaru
     0 | D:1      | 0 ||| qw: Allow faded altars: false
     0 | D:1      | 0 ||| qw: Do Orc after clearing Dungeon:15 true
     0 | D:1      | 0 ||| qw: Do second Lair branch before Depths: true
     0 | D:1      | 0 ||| qw: Lair rune preference: random
     0 | D:1      | 0 ||| qw: Goals: Normal
     0 | D:1      | 0 ||| PLANNING D:1-11
   218 | D:1      | Reached XP level 2. HP: 16/16 MP: 4/4
   309 | D:1      | Reached skill level 6 in Ranged Weapons
   532 | D:1      | 532 ||| UPGRADING to +0 pair of boots.
   537 | D:1      | 537 ||| UPGRADING to +0 pair of gloves.
   542 | D:1      | 542 ||| READING 2 scrolls labelled ECASICELUX.
   542 | D:1      | 542 ||| IDENTIFYING 2 sedimented dark potions
   543 | D:1      | 543 ||| READING scroll of identify.
   543 | D:1      | 543 ||| IDENTIFYING scroll labelled QUROMNAA NOZO
   544 | D:1      | 544 ||| READING scroll labelled IKLING PESUMI.
   645 | D:1      | 645 ||| READING scroll labelled VARIMI VOWKU.
   648 | D:1      | 648 ||| DROPPING scroll of butterflies.
   649 | D:1      | 649 ||| DROPPING scroll of revelation.
   830 | D:2      | Reached XP level 3. HP: 20/20 MP: 5/5
   981 | D:2      | Identified the +0 pair of boots of Precision Catastrophes
                  | {rF+++}
  1104 | D:2      | Reached skill level 7 in Ranged Weapons
  1172 | D:2      | Found a faded altar of an unknown god.
  1302 | D:2      | 1302 ||| UPGRADING to +0 pair of boots of Precision
                  | Catastrophes {rF+++}.
  1312 | D:2      | 1312 ||| DROPPING +0 pair of boots.
  1313 | D:2      | 1313 ||| READING scroll of identify.
  1313 | D:2      | 1313 ||| IDENTIFYING puce potion
  1314 | D:2      | 1314 ||| READING scroll labelled DIADAGY YQ UPU.
  1315 | D:2      | 1315 ||| READING scroll labelled KOT JI ACACO.
  1315 | D:2      | 1315 ||| ENCHANTING +0 shortbow.
  1758 | D:3      | Identified the +4 war axe "Fenoomaf" {heavy, +Blink rF-
                  | rCorr SInv}
  1848 | D:3      | HP: 2/20 [kobold/+2 whip of electrocution (12)]
  1849 | D:3      | 1849 ||| DRINKING 2 potions of heal wounds.
  1852 | D:3      | Mangled by a kobold

Levels and vault maps discovered:
D:1:      wander_arrival_estate, layout_basic
D:2:      layout_basic, hellmonk_ecumenical_altar_blasted
D:3:      layout_loops_corners, uniq_jessica

Skill      XL: |  1  2  3 |
---------------+----------+-----
Ranged Weapons | 6 7 |  7.4
Fighting       | |  1.5
Dodging        | |  2.4
Stealth        | |  1.2

Action                     || total
---------------------------++-------
   Fire: Shortbow          ||   141
    Use: Scroll            ||     7
         Potion            ||     1
 Armour: Leather armour    ||    22
  Dodge: Dodged            ||    26

Table legend:
 A = Non-vault XP
 B = Vault XP
 C = Vault XP percentage of total XP
 D = Non-vault monster count
 E = Vault monster count
 F = Vault count percentage of total count
                 A         B        C        D         E       F
            +---------+---------+-------+---------+---------+-------
      Total |      96 |       0 |   0.0 |      53 |       0 |   0.0
            +---------+---------+-------+---------+---------+-------
        D:1 |      27 |       0 |   0.0 |      18 |       0 |   0.0
        D:2 |      49 |       0 |   0.0 |      25 |       0 |   0.0
        D:3 |      20 |       0 |   0.0 |      10 |       0 |   0.0
            +---------+---------+-------+---------+---------+-------
